 Dungeon Crawl Stone Soup version 0.32-a0-799-g95e1662365 (webtiles) character file.

Game seed: 9131849684908460256

97 ezpacito the Trooper (level 4, -2/37 HPs)
             Began as a Coglin Chaos Knight on Mar 22, 2024.
             Was a Plaything of Xom.
             Slain by a scorpion (10 damage)
             ... on level 3 of the Dungeon.
             The game lasted 00:01:37 (1695 turns).

ezpacito the Trooper (Coglin Chaos Knight)          Turns: 1695, Time: 00:01:37

Health: -2/37      AC:  6    Str: 15    XL:     4   Next: 68%
Magic:  4/4        EV: 10    Int: 11    God:    Xom [..*...]
Gold:   217        SH:  0    Dex: 13    Spells: 4/4 levels left

rFire   . . .        a - +0 hand axe (chaos) {Suthep}
rCold   . . .        i - +0 hand axe (vamp) {Esmond}
rNeg    . . .        b - +2 leather armour
rPois   .            (no helmet)
rElec   .            e - +0 cloak
rCorr   .            (no gloves)
SInv    .            (no boots)
Will    .....        (amulet unavailable)
Stlth   +            (ring unavailable)
HPRegen 0.26/turn    (ring unavailable)
MPRegen 0.09/turn    (no gizmo)

%: no passive effects
@: revved
A: off-hand wielding, slow wielding, warmup strikes, no jewellery
a: Invent Gizmo, Renounce Religion


You were on level 3 of the Dungeon.
You worshipped Xom.
You were a toy of Xom.
You visited 1 branch of the dungeon, and saw 3 of its levels.

You collected 217 gold pieces.

Inventory:

Hand Weapons
 a - a +0 hand axe of chaos (weapon) {Suthep}
 i - a +0 vampiric hand axe (offhand) {Esmond}
Missiles
 f - 11 poisoned darts (quivered)
Armour
 b - a +2 leather armour (worn)
 e - a +0 cloak (worn)
Scrolls
 c - 2 scrolls of butterflies
 g - 3 scrolls of identify {unknown}
 j - a scroll of teleportation {unknown}
Potions
 d - a potion of attraction {unknown}
 k - a potion of berserk rage {unknown}
 q - a potion of curing


   Skills:
 * Level 3.6 Fighting
 * Level 3.4(3.5) Axes
 + Level 0.6(2.1) Polearms
 * Level 2.3 Armour
 * Level 1.6 Dodging
 + Level 0.8 Stealth
 + Level 0.5 Spellcasting


You had 4 spell levels left.
You didn't know any spells.
Your spell library was empty.

Dungeon Overview and Level Annotations

Branches:
Dungeon (3/15)

Altars:

Shops:
D:3 =

Annotations:
D:3 Natasha


Innate Abilities, Weirdness & Mutations

You can wield a second weapon in your off-hand.
It takes a long time for you to wield or remove held weapons.
Your first few attacks do less damage.
You cannot equip rings or amulets.


Message History

You take 8 damage, and have 19/37 hp.
MASSIVE DAMAGE!!
You are too injured to fight recklessly!
It was a potion of curing.
You feel better.
Xom is highly amused!
q - 2 potions of curing The scorpion stings you.
You emit a cloud of colourful smoke!
The scorpion stings you!
You take 2 damage, and have 17/37 hp.
You hit the scorpion but do no damage.
The scorpion is moderately wounded.
You barely miss the scorpion with your +0 hand axe of chaos.
The scorpion stings you.
The scorpion stings you but does no damage.
You take 3 damage, and have 14/37 hp.
You hit the scorpion with your +0 hand axe of chaos.
The scorpion convulses.
The scorpion is heavily wounded.
You hit the scorpion with your +0 vampiric hand axe.
You feel better. The scorpion stings you. The scorpion closely misses you.
You hit the scorpion but do no damage.
The scorpion is almost dead.
You hit the scorpion with your +0 vampiric hand axe.
You feel better. The scorpion stings you. The scorpion stings you!
* * * LOW HITPOINT WARNING * * *
You are lethally poisoned!
The scorpion poisons you!
You take 9 damage, and have 5/37 hp.
MASSIVE DAMAGE!!
Natasha hisses angrily.
You hit the scorpion with your +0 hand axe of chaos.
The scorpion is almost dead.
You barely miss the scorpion with your +0 vampiric hand axe.
* * * LOW HITPOINT WARNING * * *
You feel very sick.
The scorpion stings you but does no damage.
The scorpion barely misses you.
You take 3 damage, and have 2/37 hp.
You feel better. The scorpion stings you!
You die...
Xom laughs nastily!

....................#
.......
....................##......
##......................
........######.....h....
.......................#
........................
.......................#
................ยงยง....##
###...........##@#.##.#
#...........##s#.# #
#...........##.#..
##############.# ## #.# #.#
#.# #.#


You could see Natasha and a neutral scorpion (fast, strong, frenzied).

Vanquished Creatures
  Natasha (D:3)
  An adder (D:3)
  A dart slug (D:2)
  4 ribbon worms
  3 endoplasms
  A giant cockroach (D:1)
  4 goblins
  4 hobgoblins
  7 jackals
  8 kobolds
  3 quokkas
  3 ball pythons
  5 bats
  4 frilled lizards
  5 rats (D:1)
54 creatures vanquished.

Notes
Turn   | Place    | Note
-------+----------+-------------------------------------------
     0 | D:1      | ezpacito the Coglin Chaos Knight began the quest for the
                  | Orb.
     0 | D:1      | Reached XP level 1. HP: 18/18 MP: 1/1
    74 | D:1      | XOM: silly message
    99 | D:1      | XOM: silly message
   153 | D:1      | Reached skill level 1 in Dodging
   189 | D:1      | XOM: silly message
   194 | D:1      | Reached XP level 2. HP: 24/24 MP: 2/2
   222 | D:1      | XOM: silly message
   503 | D:1      | Reached XP level 3. HP: 29/29 MP: 3/3
  1108 | D:2      | XOM: 2-stop teleportation journey
  1496 | D:3      | XOM: confuse monster(s)
  1497 | D:3      | Reached XP level 4. HP: 35/35 MP: 4/4
  1545 | D:3      | Noticed Natasha
  1549 | D:3      | Killed Natasha
  1628 | D:3      | Found Butenat's Jewellery Shop.
  1680 | D:3      | Noticed Natasha
  1681 | D:3      | Noticed a scorpion
  1690 | D:3      | XOM: smoke on damage
  1695 | D:3      | Slain by a scorpion

Illustrated notes

Levels and vault maps discovered:
D:1:      dpeg_arrival_boxes_within_box, layout_basic, serial_bayou,
          serial_bayou_pond_c, serial_bayou_shore_b, serial_bayou_pond_e,
          serial_bayou_lagoon_a, minmay_pentomino_v2
D:2:      layout_loops_ring, kennysheep_generic_room_9
D:3:      layout_basic, mainiacjoe_overflow_alcove_4, serial_shops, shop,
          uniq_natasha, uniq_grinder

Skill      XL: |  1  2 |
---------------+-------+-----
Dodging        | 1 |  1.6
Armour         | 2 |  2.3
Fighting       | |  3.6
Axes           | |  3.4
Polearms       | |  0.6
Stealth        | |  0.8
Spellcasting   | |  0.5

Action                     |  1- 3 |  4- 6 || total
---------------------------+-------+-------++-------
  Melee: Hand axe          |   129 |    63 ||   192
         Dagger            |    48 |       ||    48
    Use: Potion            |       |     2 ||     2
   Stab: Sleeping          |     1 |       ||     1
         Distracted        |       |     1 ||     1
         Paralysed         |       |     1 ||     1
 Armour: Leather armour    |    59 |    23 ||    82
  Dodge: Dodged            |    61 |    21 ||    82

Table legend: (Time is in decaauts)
 A = Elapsed time spent in this place.
 B = Non-inter-level travel time spent in this place.
 C = Inter-level travel time spent in this place.
 D = Time resting spent in this place.
 E = Time spent auto-exploring this place.
 F = Levels seen in this place.
 G = Mean time per level.
                   A        B        C        D        E       F      G
               +--------+--------+--------+--------+--------+-----+--------+
         Total |   1728 |   1695 |     33 |      0 |   1359 |   3 |  576.0 |
       Dungeon |   1728 |   1695 |     33 |      0 |   1359 |   3 |  576.0 |
               +--------+--------+--------+--------+--------+-----+--------+

Top non-repeatable levels by time:
     D:1: 973 daAuts
     D:2: 541 daAuts
     D:3: 213 daAuts
